 Dungeon Crawl Stone Soup version 0.29-a0-841-g116ddc6ace (webtiles) character file.

Game seed: 182004317985732540

76 zishaf the Trooper (level 4, 0/40 HPs)
             Began as a Ghoul Warper on July 14, 2022.
             Slain by Natasha (2 damage)
             ... on level 3 of the Dungeon.
             The game lasted 00:02:16 (1734 turns).

zishaf the Trooper (Ghoul Warper)                   Turns: 1734, Time: 00:02:16

Health: 0/40       AC:  3    Str: 16    XL:     4   Next: 32%
Magic:  5/5        EV:  8    Int: 14    God:
Gold:   95         SH:  0    Dex:  8    Spells: 6/6 levels left

rFire   . . .      SeeInvis .     - Unarmed
rCold   + . .      Faith    .   (no shield)
rNeg    + + +      Spirit   .   a - +0 leather armour
rPois   ∞          Reflect  .   (no helmet)
rElec   .          Harm     .   (no cloak)
rCorr   +          Rampage  .   (no gloves)
Will    .....                   (no boots)
Stlth   +.........              (no amulet)
HPRegen 0.00/turn               i - ring of resist corrosion
MPRegen 0.09/turn               l - +6 ring of intelligence

@: grasped by roots, inhibited regen, constricted
A: claws 1, cold resistance 1, negative energy resistance 3, inhibited
regeneration, torment resistance 2, devour on kill
a: no special abilities


You were on level 3 of the Dungeon.
You visited 1 branch of the dungeon, and saw 3 of its levels.

You collected 95 gold pieces.

Inventory:

Missiles
 c - 7 boomerangs of dispersal
 o - 4 boomerangs (quivered)
Armour
 a - a +0 leather armour (worn)
Jewellery
 i - a ring of resist corrosion (left claw)
 l - a +6 ring of intelligence (right claw)
Scrolls
 b - 2 scrolls of blinking
 h - a scroll of immolation {unknown}
 j - 4 scrolls of identify {unknown}
 k - a scroll of silence {unknown}
 m - a scroll of fear {unknown}
 n - a scroll of fog {unknown}
 p - a scroll of enchant armour {unknown}
 q - a scroll of enchant weapon {unknown}
Potions
 d - a potion of haste {unknown}
 e - 2 potions of heal wounds
 f - a potion of attraction {unknown}
 g - a potion of resistance {unknown}


   Skills:
 * Level 3.7 Fighting
 + Level 1.8 Throwing
 - Level 0.8 Armour
 - Level 1.7 Dodging
 + Level 3.1 Unarmed Combat
 - Level 1.7 Spellcasting
 - Level 2.6 Translocations


You had 6 spell levels left.
You didn't know any spells.
Your spell library contained the following spells:

 Spells                   Type           Power      Damage    Failure   Level
 Blink                    Tloc           16%        N/A       16%         2
 Gell's Gravitas          Tloc           8%         N/A       30%         3
 Lesser Beckoning         Tloc           8%         N/A       30%         3
 Teleport Other           Tloc           8%         N/A       30%         3
 Stone Arrow              Conj/Erth      2%         3d7       65%         3
 Manifold Assault         Tloc           8%         N/A       95%         5
 Animate Armour           Summ/Erth      2%         N/A       96%         4
 Lehudib's Crystal Spear  Conj/Erth      0%         10d2      100%        8


Dungeon Overview and Level Annotations

Branches:
Dungeon (3/15)

Altars:

Annotations:
D:3 Natasha


Innate Abilities, Weirdness & Mutations

You are immune to poison.
You have sharp fingernails.
Your flesh is cold resistant. (rC+)
You are immune to negative energy. (rN+++)
You do not regenerate when monsters are visible.
You are immune to unholy pain and torment.
You thrive by killing the living.


Message History

The boomerang completely misses Natasha.
The boomerang closely misses the crimson imp.
The grasping roots constrict you.
The grasping roots release their grip on you.
You throw a boomerang. The boomerang hits Natasha.
Natasha is lightly wounded.
You throw a boomerang. The boomerang closely misses Natasha.
The boomerang closely misses the crimson imp.
Natasha zaps a wand.
The roots erupt in riotous growth!
The grasping roots grab you! The grasping roots constrict you.
The crimson imp blinks!
You are too injured to fight recklessly!
Unknown command.
You are too injured to fight recklessly!
You are too injured to fight recklessly!
You escape the roots grasp.
You scratch Natasha.
Natasha is moderately wounded.
Natasha stares at you and mumbles some strange words.
The magic dart hits you!
* * * LOW HITPOINT WARNING * * *
You closely miss Natasha.
Natasha is moderately wounded.
Natasha claws you but does no damage.
You closely miss Natasha.
Natasha is moderately wounded.
Natasha casts a spell at you. The magic dart hits you.
* * * LOW HITPOINT WARNING * * *
You closely miss Natasha.
Natasha is moderately wounded.
The crimson imp disappears for a moment.
Natasha zaps a wand.
The roots erupt in riotous growth!
The grasping roots grab you!
Natasha is unaffected.
The grasping roots constrict you.
* * * LOW HITPOINT WARNING * * *
You scratch Natasha but do no damage.
Natasha is moderately wounded.
Natasha claws you.
You die...

#.#####.# #.###.
#.### #.# ##
#^#####.#.## #.#
#. #......[5#.#
#.# #.
#######....# #.#
## #....# #.. ##
###..#.# ### #.
.#########...###.)
#. ....55h@.†..##
#... ##
.#########...#
..## ## ####.# ##
#. ... ## ...# #
#.## ## .# #. ###
.# ## #.. .# #


You could see Natasha, a crimson imp (summoned) and a shadow imp (summoned).

Vanquished Creatures
  Natasha (D:3)
  2 adders (D:2)
  3 endoplasms (D:1)
  2 giant cockroaches
  2 goblins (D:1)
  4 hobgoblins
  2 kobolds
  8 ball pythons
  3 bats
  2 frilled lizards
  5 rats
34 creatures vanquished.

Notes
Turn   | Place    | Note
-------+----------+-------------------------------------------
     0 | D:1      | zishaf the Ghoul Warper began the quest for the Orb.
     0 | D:1      | Reached XP level 1. HP: 17/17 MP: 2/2
    37 | D:1      | Reached skill level 1 in Throwing
   120 | D:1      | Reached XP level 2. HP: 20/25 MP: 3/3
   656 | D:1      | Found a faded altar of an unknown god.
   800 | D:1      | Reached XP level 3. HP: 31/31 MP: 4/4
  1612 | D:3      | Noticed Natasha
  1632 | D:3      | Killed Natasha
  1633 | D:3      | Reached XP level 4. HP: 24/40 MP: 5/5
  1721 | D:3      | Noticed Natasha
  1733 | D:3      | HP: 2/40 [constriction (5)]
  1734 | D:3      | Slain by Natasha

Illustrated notes

Levels and vault maps discovered:
D:1:      co_arrival_square_in_a_square_in_a_square, layout_loops_ring,
          dreamdust_ecumenical_altar_grove
D:2:      layout_basic
D:3:      layout_loops_ring, nicolae_gozag_seed_capital, kennysheep_flooded_box,
          kennysheep_small_spiral, minmay_misc_feat_rugged, st_stairs_1,
          uniq_natasha

Skill      XL: |  1  2  3 |
---------------+----------+-----
Throwing       | 1 |  1.8
Fighting       | 3 |  3.7
Unarmed Combat | 3 |  3.1
Armour         | |  0.8
Dodging        | |  1.7
Spellcasting   | |  1.7
Translocations | |  2.6

Action                   |  1- 3 |  4- 6 || total
-------------------------+-------+-------++-------
Melee: Unarmed           |   119 |     5 ||   124
       Punch             |     3 |       ||     3
Throw: Boomerang         |    11 |     7 ||    18
Armor: Leather armour    |    21 |     1 ||    22
Dodge: Dodged            |    72 |       ||    72

Table legend: (Time is in decaauts)
 A = Elapsed time spent in this place.
 B = Non-inter-level travel time spent in this place.
 C = Inter-level travel time spent in this place.
 D = Time resting spent in this place.
 E = Time spent auto-exploring this place.
 F = Levels seen in this place.
 G = Mean time per level.
                   A        B        C        D        E       F      G
               +--------+--------+--------+--------+--------+-----+--------+
         Total |   1729 |   1690 |     39 |      0 |   1435 |   3 |  576.3 |
       Dungeon |   1729 |   1690 |     39 |      0 |   1435 |   3 |  576.3 |
               +--------+--------+--------+--------+--------+-----+--------+

Top non-repeatable levels by time:
     D:1: 863 daAuts
     D:2: 595 daAuts
     D:3: 271 daAuts
